 Dungeon Crawl Stone Soup version 0.27-a0-998-g4cfe56dd59 (webtiles) character file.

Game seed: 1746287254548868094

4 harryhousin the Thaumaturge (level 1, -1/13 HPs)
             Began as a Gnoll Wanderer on Apr 16, 2021.
             Slain by a quokka (3 damage)
             ... on level 1 of the Dungeon.
             The game lasted 00:01:27 (329 turns).

harryhousin the Thaumaturge (Gnoll Wanderer)         Turns: 329, Time: 00:01:28

Health: -1/13      AC:  2    Str: 13    XL:     1   Next: 70%
Magic:  10/10      EV: 11    Int: 11    God:
Gold:   0          SH:  0    Dex:  9    Spells: 18/18 levels left

rFire    . . .     SeeInvis .   a - +0 club
rCold    . . .     Faith    .   (no shield)
rNeg     . . .     Spirit   .   d - +0 robe
rPois    .         Reflect  .   (no helmet)
rElec    .         Harm     .   (no cloak)
rCorr    .         Rampage  .   (no gloves)
Will     .....                  (no boots)
Stlth    +.........             (no amulet)
HPRegen  0.04/turn              (no ring)
MPRegen  0.12/turn              (no ring)

@: no status effects
A: fangs 1, strong nose, distributed training
a: no special abilities


You were on level 1 of the Dungeon.
You visited 1 branch of the dungeon, and saw 1 of its levels.

Inventory:

Hand Weapons
 a - a +0 club (weapon)
Armour
 d - a +0 robe (worn)
Scrolls
 e - a scroll of identify {unknown}
 f - a scroll of immolation {unknown}
Potions
 b - a potion of lignification
 c - a potion of curing


   Skills:
 + Level 0.1 Fighting
 + Level 0.1 Short Blades
 + Level 0.1 Long Blades
 + Level 0.1 Axes
 + Level 0.1 Maces & Flails
 + Level 0.1 Polearms
 + Level 0.1 Staves
 + Level 0.1 Slings
 + Level 0.1 Bows
 + Level 0.1 Crossbows
 + Level 2.4 Throwing
 + Level 0.1 Armour
 + Level 0.1 Dodging
 + Level 0.1 Stealth
 + Level 0.1 Shields
 + Level 0.1 Unarmed Combat
 + Level 9.2 Spellcasting
 + Level 0.1 Conjurations
 + Level 0.1 Hexes
 + Level 0.1 Summonings
 + Level 0.1 Necromancy
 + Level 5.3 Translocations
 + Level 0.1 Transmutations
 + Level 0.1 Fire Magic
 + Level 0.1 Ice Magic
 + Level 0.1 Air Magic
 + Level 2.0 Earth Magic
 + Level 0.1 Poison Magic
 + Level 0.2 Invocations
 + Level 2.4 Evocations


You had 18 spell levels left.
You didn't know any spells.
Your spell library contained the following spells:

 Spells                   Type           Power      Damage    Failure   Level
 Blink                    Tloc           N/A        N/A       2%          2
 Gell's Gravitas          Tloc           8%         N/A       4%          3
 Lesser Beckoning         Tloc           8%         N/A       4%          3
 Teleport Other           Tloc           16%        N/A       4%          3
 Manifold Assault         Tloc           16%        N/A       41%         5


Dungeon Overview and Level Annotations

Branches:
Dungeon (1/15)

Altars:


Innate Abilities, Weirdness & Mutations

You have very sharp teeth.
Your uncanny sense of smell can sniff out nearby items.
Your experience applies equally to all skills.


Message History

You kill the kobold!
Things that are here:
a +0 short sword; 2 stones; a kobold corpse
Things that are here:
a +0 short sword; 2 stones; a kobold corpse
Things that are here:
a +0 short sword; 2 stones; a kobold corpse A ball python comes into view.
The kobold shouts!
The ball python hisses angrily.
The kobold hits you but does no damage.
A rat comes into view.
The kobold barely misses you.
A kobold comes into view. It is wielding a +0 club.
You barely miss the kobold.
The kobold shouts!
You hear a shout!
A quokka comes into view.
The kobold hits you with a +0 short sword.
An endoplasm comes into view.
The endoplasm quivers.
You hit the kobold.
The kobold is moderately wounded.
The kobold barely misses you. The ball python completely misses you.
The ball python grabs you. The ball python constricts you.
You hit the kobold but do no damage. Your bite misses the kobold.
The kobold is moderately wounded.
The kobold barely misses you. The ball python barely misses you.
The ball python constricts you.
The kobold hits you with a +0 short sword.
You escape the ball python's grasp.
The rat twitches its whiskers.
The kobold hits you with a +0 short sword.
The ball python barely misses you. The ball python grabs you.
The ball python constricts you.
You escape the ball python's grasp.
The quokka bites you.
* * * LOW HITPOINT WARNING * * *
The quokka barely misses you.
Things that are here:
a +0 short sword; 2 stones; a kobold corpse You barely miss the quokka.
The quokka barely misses you. The quokka bites you.
You die...

...........# #..♣♣∩...
........##.###.♣♣∩..♣♣
#............#.♣♣∩...<
#......###...#.♣♣∩..♣♣
#......##.......♣♣∩ #
#......#......⌠.♣♣♣ ∩ #.
#......#.........♣ ♣♣
#.####...###............
#...#..KSr@..#..........
#......Kr######.......#.
...#...J### #...#####
##...# ..## #.K## .##
#.K.# .........J#
............. ∆
...............


You could see an endoplasm, a quokka, a ball python, 2 kobolds and a rat.

Vanquished Creatures
  An endoplasm (D:1)
  A quokka (D:1)
  A ball python (D:1)
  2 kobolds (D:1)
5 creatures vanquished.

Notes
Turn   | Place    | Note
-------+----------+-------------------------------------------
     0 | D:1      | Reached skill level 9 in Spellcasting
     0 | D:1      | harryhousin the Gnoll Wanderer began the quest for the Orb.
     0 | D:1      | harryhousin set off with the following items: a +0 club, a
                  | potion of lignification, a potion of curing, a +0 robe; and
                  | the following spells available to memorise: Blink, Gell's
                  | Gravitas, Lesser Beckoning, Teleport Other, Manifold
                  | Assault
     0 | D:1      | Reached XP level 1. HP: 13/13 MP: 10/10
   329 | D:1      | Slain by a quokka

Illustrated notes

Levels and vault maps discovered:
D:1:      heliophobic_arrival_henge, layout_rooms

Skill      XL: |  1 |
---------------+----+-----
Spellcasting   | |  9.2
Earth Magic    | 2 |  2.0
Fighting       | |  0.1
Short Blades   | |  0.1
Long Blades    | |  0.1
Axes           | |  0.1
Maces & Flails | |  0.1
Polearms       | |  0.1
Staves         | |  0.1
Slings         | |  0.1
Bows           | |  0.1
Crossbows      | |  0.1
Throwing       | |  2.4
Armour         | |  0.1
Dodging        | |  0.1
Stealth        | |  0.1
Shields        | |  0.1
Unarmed Combat | |  0.1
Conjurations   | |  0.1
Hexes          | |  0.1
Summonings     | |  0.1
Necromancy     | |  0.1
Translocations | |  5.3
Transmutations | |  0.1
Fire Magic     | |  0.1
Ice Magic      | |  0.1
Air Magic      | |  0.1
Poison Magic   | |  0.1
Invocations    | |  0.2
Evocations     | |  2.4

Action                   || total
-------------------------++-------
Melee: Club              ||    21
       Bite              ||     1
Armor: Robe              ||     2
Dodge: Dodged            ||    24

Table legend: (Time is in decaauts)
 A = Elapsed time spent in this place.
 B = Non-inter-level travel time spent in this place.
 C = Inter-level travel time spent in this place.
 D = Time resting spent in this place.
 E = Time spent auto-exploring this place.
 F = Levels seen in this place.
 G = Mean time per level.
                   A        B        C        D        E       F      G
               +--------+--------+--------+--------+--------+-----+--------+
         Total |    335 |    335 |      0 |    180 |     40 |   1 |  335.0 |
       Dungeon |    335 |    335 |      0 |    180 |     40 |   1 |  335.0 |
               +--------+--------+--------+--------+--------+-----+--------+

Top non-repeatable levels by time:
     D:1: 335 daAuts
